 Dungeon Crawl Stone Soup version 0.21-a0-633-g4c047d5 (webtiles) character file.

239 wazuzu the Slinger (level 6, -1/39 HPs)
             Began as a Halfling Hunter on Dec 28, 2017.
             Killed by divine providence
             ... invoked by an orc priest
              (16 damage)
             ... on level 4 of the Dungeon.
             The game lasted 00:07:10 (2423 turns).

wazuzu the Slinger (Halfling Hunter)                Turns: 2423, Time: 00:07:10

Health: -1/39      AC:  7    Str: 15    XL:     6   Next: 29%
Magic:  6/6        EV: 14    Int:  9    God:
Gold:   239        SH:  0    Dex: 15    Spells: 5/5 levels left

rFire    + . .     SeeInvis .   a - +1 hunting sling
rCold    . . .     Gourm    .   (shield restricted)
rNeg     . . .     Faith    .   B - +3 leather armour
rPois    .         Spirit   .   m - +0 helmet of the Duchess {rF+}
rElec    .         Reflect  .   (no cloak)
rCorr    .         Harm     +   (no gloves)
MR       .....                  (no boots)
Stlth    +.........             r - amulet of harm
HPRegen  0.13/turn              y - ring of loudness
MPRegen  0.10/turn              (no ring)

@: no status effects
A: small, mutation resistance 1
a: no special abilities


You were on level 4 of the Dungeon.
You were not hungry.

You visited 1 branch of the dungeon, and saw 4 of its levels.

You collected 239 gold pieces.

Inventory:

Hand Weapons
 a - a +1 hunting sling (weapon)
 b - a +0 short sword
Missiles
 d - 47 sling bullets
 s - 77 stones (quivered)
Armour
 m - the +0 helmet of the Duchess (worn) {rF+}
   (You took it off Robin on level 3 of the Dungeon)

   It protects you from fire.
 B - a +3 leather armour (worn)
Jewellery
 r - an amulet of harm (around neck)
 y - a ring of loudness (left hand)
Wands
 x - a wand of polymorph (7)
Scrolls
 c - a scroll of identify
 e - a scroll of immolation
 g - 2 scrolls of enchant armour
 h - a scroll of magic mapping {unknown}
 j - a scroll of fear {unknown}
 l - 2 scrolls of amnesia
 n - a scroll of blinking {unknown}
 q - a scroll of enchant weapon {unknown}
 u - a scroll of remove curse
Potions
 i - 2 potions of ambrosia
 o - 2 potions of degeneration
 p - 2 potions of curing
 t - a potion of agility
 A - a potion of cancellation
Comestibles
 f - 8 rations


   Skills:
 - Level 1.7 Fighting
 + Level 10.2 Slings
 - Level 2.1 Dodging
 - Level 1.1 Stealth


You had 5 spell levels left.
You didn't know any spells.

Dungeon Overview and Level Annotations

Branches:
Dungeon (4/15)
 Temple: D:4-7

Altars:


Innate Abilities, Weirdness & Mutations

You are small and have problems with some larger weapons.
You are somewhat resistant to further mutation.


Message History

Press: ? - help, Shift-Dir - straight line, f - orc priest, p - worker ant
Aim: an orc priest (black smoke, almost dead)
You shoot a stone. The stone hits the worker ant.
The worker ant is heavily wounded.
The worker ant bites you but does no damage.
The orc priest drinks a potion.
The orc priest seems to grow stronger.
Firing (i - inventory. (,) - cycle):
s - 79 stones (quivered)
Press: ? - help, Shift-Dir - straight line, f/p - orc priest
Aim: an orc priest (black smoke, almost dead, unusually strong)
You shoot a stone. The stone barely misses the worker ant.
The stone barely misses the orc priest.
The worker ant misses you.
Firing (i - inventory. (,) - cycle):
s - 78 stones (quivered)
Press: ? - help, Shift-Dir - straight line, f/p - orc priest
Aim: an orc priest (black smoke, almost dead, unusually strong)
You shoot a stone.
The stone closely misses the worker ant.
The stone barely misses the orc priest.
The orc priest invokes the aid of Beogh against you.
Beogh smites you!
You die...

##.##.###.##.#.# ##. ......#
#..........#.# # .. ......#
#..........#.# #? ......#
#...#.###....#.#####.#.....##
#.........#..#.((a...........
###.....###...## #.#
.........###.## #.#
.^.....#.###.##########o#
.##.#.##.#.>..§§@ao§§##.#
.##.#.##.#..>.######§##o#
.##.#...........# #.##.#
.##.####.#....#.# #.##a#
.##.####.#.#.##.# #.##.#
.##..........##.####o##.#
.#######.#..............#
.#######.################
.........#


You could see a worker ant and an orc priest.

Vanquished Creatures
  Ijyb (D:3)
  An orc wizard (D:4)
  A worker ant (D:1)
  Robin (D:3)
  5 adders
  2 oozes
  2 worms
  6 leopard geckos
  7 orcs
  5 bats
  2 giant cockroaches
  9 goblins (D:3)
  13 hobgoblins
  5 jackals
  6 kobolds
  A quokka (D:4)
  8 frilled lizards
  6 rats
81 creatures vanquished.

Notes
Turn   | Place    | Note
-------+----------+-------------------------------------------
     0 | D:1      | wazuzu the Halfling Hunter began the quest for the Orb.
     0 | D:1      | Reached XP level 1. HP: 14/14 MP: 1/1
    35 | D:1      | Reached skill level 6 in Slings
    78 | D:1      | Reached XP level 2. HP: 16/19 MP: 2/2
   201 | D:1      | Reached skill level 7 in Slings
   201 | D:1      | Reached XP level 3. HP: 23/24 MP: 3/3
   480 | D:1      | Reached skill level 8 in Slings
   480 | D:1      | Reached XP level 4. HP: 13/29 MP: 4/4
  1268 | D:2      | Reached XP level 5. HP: 34/34 MP: 5/5
  1385 | D:3      | Noticed Robin
  1399 | D:3      | Killed Robin
  1399 | D:3      | Reached skill level 9 in Slings
  1402 | D:3      | Got a faintly glowing helmet
  1408 | D:3      | Identified the +0 helmet of the Duchess {rF+} (You took it off Robin on level 3 of the Dungeon)
  1765 | D:3      | Noticed Ijyb
  1780 | D:3      | Killed Ijyb
  2100 | D:4      | Reached XP level 6. HP: 39/39 MP: 6/6
  2130 | D:4      | Reached skill level 10 in Slings
  2423 | D:4      | Killed from afar by an orc priest

Vault maps used:
D:1:      mainiacjoe_arrival_reflecting_pool
D:2:      first_ration, minmay_split_cup_small
D:3:      uniq_robin, uniq_ijyb
D:4:      minmay_ruined_shrine

Skill      XL: |  1  2  3  4  5  6 |
---------------+-------------------+-----
Slings         | 6 7 8 9 10 | 10.2
Fighting       | |  1.7
Dodging        | |  2.1
Stealth        | |  1.1

Action                   |  1- 3 |  4- 6 || total
-------------------------+-------+-------++-------
Melee: Unarmed           |       |     5 ||     5
 Fire: Hunting sling     |    70 |   181 ||   251
  Use: Scroll            |       |    12 ||    12
       Potion            |       |     1 ||     1
  Eat: Chunk             |       |     4 ||     4
Armor: Leather armour    |     6 |    17 ||    23
Dodge: Dodged            |    16 |    31 ||    47

Table legend:
 A = Spawn XP
 B = Non-spawn XP
 C = Spawn XP percentage of total XP
 D = Spawn monster count
 E = Non-spawn monster count
 F = Spawn count percentage of total count
 G = Total turns spent on level
                    A         B        C        D         E        F      G
               +---------+---------+-------+---------+---------+-------+---------
         Total |       0 |     342 |   0.0 |       0 |      81 |   0.0 |  2423
               +---------+---------+-------+---------+---------+-------+---------
           D:1 |       0 |      90 |   0.0 |       0 |      22 |   0.0 |   787
           D:2 |       0 |      57 |   0.0 |       0 |      21 |   0.0 |   581
           D:3 |       0 |     104 |   0.0 |       0 |      23 |   0.0 |   636
           D:4 |       0 |      91 |   0.0 |       0 |      15 |   0.0 |   419
               +---------+---------+-------+---------+---------+-------+---------
